 Dungeon Crawl Stone Soup version 0.23.2-33-g5129a83184 (webtiles) character file.

Game seed: 2449621825496827284

315 t4s4d4r the Cudgeler (level 6, -1/47 HPs)
             Began as a Demonspawn Fighter on July 17, 2019.
             Slain by Curus's ghost (2 damage)
             ... on level 3 of the Dungeon.
             The game lasted 00:02:41 (2503 turns).

t4s4d4r the Cudgeler (Demonspawn Fighter)           Turns: 2503, Time: 00:02:42

Health: -1/47      AC:  9    Str: 16    XL:     6   Next: 20%
Magic:  6/6        EV:  9    Int: 12    God:
Gold:   122        SH:  0    Dex: 12    Spells: 5/5 levels left

rFire    + . .     SeeInvis .   a - +0 flail
rCold    + . .     Gourm    .   (no shield)
rNeg     . . .     Faith    .   b - +0 scale mail
rPois    +         Spirit   .   (no helmet)
rElec    +         Reflect  .   i - scarf {cloud immunity}
rCorr    +         Harm     .   (no gloves)
MR       .....                  (no boots)
Stlth    ..........             (no amulet)
HPRegen  0.15/turn              (no ring)
MPRegen  0.10/turn              (no ring)

@: resistant
A: hooves 1, thin metallic scales 2
a: no special abilities


You were on level 3 of the Dungeon.
You were hungry.

You visited 1 branch of the dungeon, and saw 3 of its levels.

You collected 122 gold pieces.

Inventory:

Hand Weapons
 a - a +0 flail (weapon)
Missiles
 m - 24 stones (quivered)
 n - a throwing net
Armour
 b - a +0 scale mail (worn)
 c - a +0 shield
 i - a scarf of cloud immunity (worn)
Jewellery
 q - an uncursed amulet of magic regeneration {unknown}
Scrolls
 d - a scroll of random uselessness {unknown}
 e - a scroll of immolation {unknown}
 g - a scroll of amnesia {unknown}
 h - a scroll of blinking {unknown}
 j - a scroll of teleportation {unknown}
 l - 2 scrolls of remove curse {unknown}
 o - 2 scrolls of identify {unknown}
 p - a scroll of enchant weapon {unknown}
 r - a scroll of magic mapping {unknown}
Comestibles
 f - 7 rations
 t - 2 chunks of flesh


   Skills:
 - Level 3.0 Fighting
 + Level 6.0 Maces & Flails
 - Level 2.6 Armour
 - Level 2.6 Shields


You had 5 spell levels left.
You didn't know any spells.
Your spell library was empty.

Dungeon Overview and Level Annotations

Branches:
Dungeon (3/15)

Altars:
Wu Jian

Annotations:
D:3 Curus's ghost, amateur MiMo


Innate Abilities, Weirdness & Mutations

You have large cloven feet.
You are mostly covered in thin metallic scales. (AC +3)


Message History

You kick Curus's ghost, but do no damage.
Curus's ghost is moderately damaged.
Curus's ghost hits you.
* * * LOW HITPOINT WARNING * * *
You hit Curus's ghost.
Curus's ghost is heavily damaged.
Curus's ghost hits you.
* * * LOW HITPOINT WARNING * * *
You closely miss Curus's ghost.
Curus's ghost is heavily damaged.
Curus's ghost barely misses you.
Unknown command.
You sock Curus's ghost! Your kick misses Curus's ghost.
Curus's ghost is heavily damaged.
Curus's ghost hits you.
* * * LOW HITPOINT WARNING * * *
You barely miss Curus's ghost.
Curus's ghost is heavily damaged.
Curus's ghost hits you.
You die...

#.............#
#
#.............#
###.###########
#.# #.# #.# #r#
#W# #@# ###


You could see Curus's ghost and a river rat.

Vanquished Creatures
  Sigmund (D:2)
  Natasha (twice) (D:2)
  A gnoll (D:1)
  5 adders
  A worm (D:2)
  2 dart slugs
  2 leopard geckos
  An orc (D:3)
  2 giant cockroaches (D:3)
  4 hobgoblins
  4 jackals (D:1)
  8 kobolds
  2 quokkas (D:2)
  A ball python (D:2)
  3 bats
  4 frilled lizards
  3 goblins (D:1)
  7 rats
53 creatures vanquished.

Notes
Turn   | Place    | Note
-------+----------+-------------------------------------------
     0 | D:1      | t4s4d4r the Demonspawn Fighter began the quest for the Orb.
     0 | D:1      | Reached XP level 1. HP: 18/18 MP: 1/1
    44 | D:1      | Reached skill level 2 in Maces & Flails
    76 | D:1      | Gained mutation: You are partially covered in thin metallic
                  | scales. (AC +2) [demonic ancestry]
    76 | D:1      | Reached XP level 2. HP: 2/24 MP: 2/2
   463 | D:1      | Reached skill level 3 in Maces & Flails
   552 | D:1      | Gained mutation: You are mostly covered in thin metallic
                  | scales. (AC +3) [demonic ancestry]
   552 | D:1      | Reached XP level 3. HP: 29/29 MP: 3/3
  1065 | D:2      | Reached skill level 4 in Maces & Flails
  1065 | D:2      | Gained mutation: You have large cloven feet. [demonic
                  | ancestry]
  1065 | D:2      | Reached XP level 4. HP: 20/35 MP: 4/4
  1273 | D:2      | Found an ornate altar of the Wu Jian Council.
  1361 | D:2      | Noticed Natasha
  1384 | D:2      | Killed Natasha
  1798 | D:2      | Noticed Natasha
  1817 | D:2      | Killed Natasha
  1817 | D:2      | Reached XP level 5. HP: 5/41 MP: 5/5
  2204 | D:2      | Noticed Sigmund
  2212 | D:2      | Killed Sigmund
  2212 | D:2      | Reached skill level 5 in Maces & Flails
  2212 | D:2      | Reached XP level 6. HP: 47/47 MP: 6/6
  2214 | D:2      | Reached skill level 6 in Maces & Flails
  2433 | D:3      | Found a runed translucent door.
  2435 | D:3      | Noticed Curus's ghost (amateur MiMo)
  2502 | D:3      | HP: 1/47 [Curus's ghost (4)]
  2503 | D:3      | Slain by Curus's ghost

Skill      XL: |  1  2  3  4  5  6 |
---------------+-------------------+-----
Maces & Flails | 2 3 4 5 6 |  6.0
Fighting       | |  3.0
Armour         | |  2.6
Shields        | |  2.6

Action                   |  1- 3 |  4- 6 || total
-------------------------+-------+-------++-------
Melee: Flail             |   129 |   115 ||   244
       Kick              |       |    21 ||    21
  Use: Potion            |       |     3 ||     3
  Eat: Chunk             |     1 |     4 ||     5
Armor: Scale mail        |    84 |    66 ||   150
Dodge: Dodged            |    76 |    53 ||   129
Block: Shield            |    21 |       ||    21
